 Dungeon Crawl Stone Soup version 0.30-a0-782-ge64f9170bb (webtiles) character file.

Game seed: 16342194833338569295

46 demibob the Slasher (level 3, 0/31 HPs)
             Began as a Minotaur Fighter on Feb 19, 2023.
             Slain by Sigmund
             ... wielding a +0 scythe
              (2 damage)
             ... on level 2 of the Dungeon.
             The game lasted 00:01:08 (1155 turns).

demibob the Slasher (Minotaur Fighter)              Turns: 1155, Time: 00:01:08

Health: 0/31       AC:  6    Str: 20    XL:     3   Next: 46%
Magic:  2/2        EV:  9    Int:  5    God:
Gold:   121        SH:  0    Dex: 11    Spells: 2/2 levels left

rFire   . . .      SeeInvis .    a - +0 long sword
rCold   . . .      Faith    .    (no shield)
rNeg    . . .      Spirit   .    b - +0 scale mail
rPois   .          Reflect  .    (helmet restricted)
rElec   .          Harm     .    (no cloak)
rCorr   .          Rampage  .    (no gloves)
Will    .....                    (no boots) Stlth
                                 (no amulet)
HPRegen 0.25/turn                (no ring)
MPRegen 0.08/turn                (no ring)

@: no status effects
A: horns 2, retaliatory headbutt
a: no special abilities


You were on level 2 of the Dungeon.
You visited 1 branch of the dungeon, and saw 2 of its levels.

You collected 121 gold pieces.


Innate Abilities, Weirdness & Mutations

You have a pair of horns on your head.
You reflexively headbutt those who attack you in melee.


   Skills:
 - Level 3.6 Fighting
 + Level 4.8 Long Blades
 - Level 3.6 Armour
 - Level 3.6 Shields


You had 2 spell levels left.
You didn't know any spells.
Your spell library was empty.

Inventory:

Hand Weapons
 a - a +0 long sword (weapon)
Armour
 b - a +0 scale mail (worn)
Jewellery
 v - a ring of see invisible
Scrolls
 e - a scroll of enchant weapon {unknown}
 f - 3 scrolls of identify {unknown}
 g - a scroll of magic mapping {unknown}
Potions
 c - a potion of heal wounds {unknown}
 d - a potion of might

Dungeon Overview and Level Annotations

Branches:
Dungeon (2/15)

Altars:
Okawaru

Annotations:
D:2 Sigmund

............#
............#
............###
..........>...#
..............# ###
.$............########..
..............#.....##..
......@@......#.....##..
...########.........##..
#.........+...
#.........#..†
#.........#..†
############'#....
.......<.# #.####.
....####.# #.####. .
#.###.#....


You could see Sigmund.


Message History

Sigmund the Dreaded comes into view.
He is wielding a +0 scythe and wearing a +2 robe of positive energy.
Sigmund gestures at you while chanting. The magic dart hits you.
You see here a ring of see invisible.
v - a ring of see invisible
Found 7 gold pieces.
Sigmund points at you and mumbles some strange words.
The magic dart hits you!
You barely miss Sigmund. Sigmund hits you with a +0 scythe.
You slash Sigmund!
Sigmund is moderately wounded.
You closely miss Sigmund.
Sigmund is moderately wounded.
Sigmund hits you with a +0 scythe!
* * * LOW HITPOINT WARNING * * *
You hit Sigmund.
Sigmund is heavily wounded.
Sigmund hits you but does no damage.
You barely miss Sigmund.
Sigmund is heavily wounded.
Sigmund closely misses you.
You slash Sigmund!
Sigmund is almost dead.
You closely miss Sigmund.
Sigmund is almost dead.
Sigmund gestures at you while chanting. The puff of flame hits you!
* * * LOW HITPOINT WARNING * * *
Sigmund hits you with a +0 scythe.
You die...

Skill      XL: |  1  2 |
---------------+-------+-----
Long Blades    | 3 4 |  4.8
Fighting       | |  3.6
Armour         | |  3.6
Shields        | |  3.6

Action                     || total
---------------------------++-------
  Melee: Long sword        ||   107
         Headbutt          ||    14
         Punch             ||     4
 Armour: Scale mail        ||    53
  Dodge: Dodged            ||    31

Levels and vault maps discovered:
D:1:      heliophobic_arrival_ceremonial_halls, layout_basic
D:2:      layout_basic, basic_altar, uniq_sigmund

Notes
Turn   | Place    | Note
-------+----------+-------------------------------------------
     0 | D:1      | demibob the Minotaur Fighter began the quest for the Orb.
     0 | D:1      | Reached XP level 1. HP: 19/19 MP: 0/0
    51 | D:1      | Reached skill level 3 in Long Blades
    61 | D:1      | Reached XP level 2. HP: 24/26 MP: 1/1
   201 | D:1      | Reached skill level 4 in Long Blades
   331 | D:1      | Reached XP level 3. HP: 31/31 MP: 2/2
   833 | D:2      | Found an iron altar of Okawaru.
  1144 | D:2      | Noticed Sigmund
  1155 | D:2      | HP: 2/31 [Sigmund/puff of flame (7)]
  1155 | D:2      | Slain by Sigmund

Vanquished Creatures
  A worm (D:2)
  A dart slug (D:2)
  4 endoplasms (D:1)
  5 giant cockroaches
  2 goblins (D:1)
  5 hobgoblins
  A quokka (D:1)
  A ball python (D:1)
  2 bats
  3 frilled lizards (D:1)
  8 kobolds
  6 rats
39 creatures vanquished.

Table legend: (Time is in decaauts)
 A = Elapsed time spent in this place.
 B = Non-inter-level travel time spent in this place.
 C = Inter-level travel time spent in this place.
 D = Time resting spent in this place.
 E = Time spent auto-exploring this place.
 F = Levels seen in this place.
 G = Mean time per level.
                   A        B        C        D        E       F      G
               +--------+--------+--------+--------+--------+-----+--------+
         Total |   1175 |   1165 |     10 |      0 |    928 |   2 |  587.5 |
       Dungeon |   1175 |   1165 |     10 |      0 |    928 |   2 |  587.5 |
               +--------+--------+--------+--------+--------+-----+--------+

Top non-repeatable levels by time:
     D:1: 827 daAuts
     D:2: 348 daAuts

Table legend:
 A = Non-vault XP
 B = Vault XP
 C = Vault XP percentage of total XP
 D = Non-vault monster count
 E = Vault monster count
 F = Vault count percentage of total count
                 A         B        C        D         E       F
            +---------+---------+-------+---------+---------+-------
      Total |      67 |       0 |   0.0 |      39 |       0 |   0.0
            +---------+---------+-------+---------+---------+-------
        D:1 |      48 |       0 |   0.0 |      30 |       0 |   0.0
        D:2 |      19 |       0 |   0.0 |       9 |       0 |   0.0
            +---------+---------+-------+---------+---------+-------
